 Dungeon Crawl Stone Soup version 0.29.1-1-gd02db6906a (webtiles) character file.

Game seed: 7140325760473145510

767 Icepheonix32 the Insei (level 7, -1/49 HPs)
             Began as a Merfolk Transmuter on Oct 3, 2022.
             Splashed by a jelly's acid (8 damage)
             ... on level 5 of the Dungeon.
             The game lasted 00:06:45 (4141 turns).

Icepheonix32 the Insei (Merfolk Transmuter)         Turns: 4141, Time: 00:06:45

Health: -1/49      AC: -6    Str: 10    XL:     7   Next: 82%
Magic:  1/12       EV: 22    Int: 15    God:
Gold:   363        SH:  0    Dex: 19    Spells: 7/13 levels left

rFire   . . .      SeeInvis .     - Unarmed
rCold   . . .      Faith    .   (shield currently unavailable)
rNeg    . . .      Spirit   .   (body armour currently unavailable)
rPois   .          Reflect  .   (helmet currently unavailable)
rElec   .          Harm     .   (cloak currently unavailable)
rCorr   .          Rampage  .   (gloves currently unavailable)
Will    .....                   (boots currently unavailable)
Stlth   ++........              h - amulet of regeneration
HPRegen 0.96/turn               m - ring of poison resistance
MPRegen 0.13/turn               (no ring)

@: about to teleport, spider-form, wereblooded (expiring), corroded
A: venomous fangs, tiny, (nimble swimmer 2), (mertail)
a: End Transformation


You were on level 5 of the Dungeon.
You were a venomous arachnid creature.
You visited 2 branches of the dungeon, and saw 6 of its levels.

You collected 363 gold pieces.

Inventory:

Hand Weapons
 c - a +0 short sword
 n - a +2 rapier of protection
Armour
 a - a +0 robe (melded)
 u - a +2 helmet (melded)
Jewellery
 h - an amulet of regeneration (around neck)
 m - a ring of poison resistance (left front leg)
Wands
 j - a wand of paralysis (16)
Scrolls
 f - a scroll of butterflies
 g - 2 scrolls of identify
 i - 4 scrolls of teleportation
 r - a scroll of acquirement {unknown}
 t - a scroll of amnesia
Potions
 b - a potion of lignification
 d - a potion of haste
 e - 2 potions of attraction
 k - 2 potions of berserk rage
 l - a potion of brilliance
 o - a potion of resistance
 p - a potion of degeneration
 q - a potion of heal wounds
 s - 2 potions of flight


   Skills:
 + Level 1.8 Fighting
 + Level 4.3 Dodging
 + Level 2.0 Stealth
 + Level 5.9 Unarmed Combat
 + Level 3.5 Spellcasting
 * Level 5.7 Transmutations
 + Level 3.2 Poison Magic


You had 7 spell levels left.
You knew the following spells:

 Your Spells              Type           Power      Damage    Failure   Level
a - Beastly Appendage     Tmut           38%        N/A       8%          1
b - Wereblood             Tmut           19%        N/A       10%         2
c - Spider Form           Tmut/Pois      16%        N/A       22%         3

Your spell library contained the following spells:

 Spells                   Type           Power      Damage    Failure   Level
 Ice Form                 Ice/Tmut       11%        N/A       71%         4


Dungeon Overview and Level Annotations

Branches:
Dungeon (5/15)             Temple (1/1) D:4

Altars:
Ashenzari
Elyvilon
Kikubaaqudgha
Makhleb
Nemelex Xobeh
Qazlal
Trog
Vehumet
Zin
The Shining One
Lugonu


Innate Abilities, Weirdness & Mutations

You are a venomous arachnid creature.
You have poisonous fangs.
You are tiny and dextrous.
Your spellcasting is less reliable in this form.
Your armour is entirely melded.
You are incapable of wielding weapons or throwing items.
((You are very nimble when in or above water. (Stealth+, EV+, Speed+++)))
((Your lower body shifts to a powerful aquatic tail in water.))


Message History

You hear a shout!
The gnoll barely misses you. The gnoll misses you.
A gnoll comes into view. It is wielding a +0 club.
Things that are here:
a +0 whip; a gnoll corpse You hit the gnoll.
The gnoll is poisoned.
The gnoll is lightly wounded.
The gnoll hits you with a +4 antimagic spear.
You feel your power leaking away.
You barely miss the gnoll.
The gnoll is moderately wounded.
The jelly closely misses you.
The gnoll hits you with a +4 antimagic spear!
You feel your power leaking away. The gnoll completely misses you.
You hit the jelly. The acid corrodes you!
Your front legs burn!
The jelly is moderately wounded.
The jelly completely misses you. The gnoll barely misses you.
You hit the jelly but do no damage.
Your front legs burn!
The jelly is moderately wounded.
The jelly completely misses you. The gnoll barely misses you.
You hit the jelly.
The jelly is poisoned.
The acid corrodes you!
Your front legs burn!
* * * LOW HITPOINT WARNING * * *
The jelly is heavily wounded.
The jelly barely misses you. The gnoll completely misses you.
The gnoll attacks as you move away! The gnoll hits you with a +0 club!
* * * LOW HITPOINT WARNING * * *
The jelly attacks as you move away! The jelly misses you.
You kill the gnoll!
As you read the scroll of teleportation, it crumbles to dust.
You feel strangely unstable.
You hiss as the wereblood boils in your veins!
Your primal bloodlust is almost over.
The jelly misses you. The gnoll barely misses you. The jelly hits you.
* * * LOW HITPOINT WARNING * * *
The acid corrodes you!
You are splashed with acid!
You die...

#.###### ########
###..#...#
####......#####........#
.#..#......##.#.........#
....................#..##
...................#####
.#<...g............#
#..))J..###......##
#.....)##s..##.......##
##..##. ##............##
#. .. ###...........# .
#.. ##.#........## #..
...##........#
........##.. #.
###.....### .........#..
..# .###....####
.....#.##.
#..#.........##.# .
....#...
................>##


You could see a jelly (very poisoned) and a gnoll.

Vanquished Creatures
  Eustachio (D:4)
  A sky beast (D:4)
  2 ogres
  A scorpion (D:4)
  2 hounds
  A gnoll bouda (D:5)
  An orc priest (D:4)
  Ijyb (D:3)
  6 gnolls (D:5)
  6 adders
  2 dart slugs
  7 orcs
  9 ball pythons
  3 endoplasms
  A giant cockroach (D:4)
  2 goblins
  8 hobgoblins
  4 quokkas
  4 bats
  3 frilled lizards
  4 kobolds
  3 rats
72 creatures vanquished.

Vanquished Creatures (others)
  3 toadstools (D:1)
3 creatures vanquished.

Grand Total: 75 creatures vanquished

Notes
Turn   | Place    | Note
-------+----------+-------------------------------------------
     0 | D:1      | Icepheonix32 the Merfolk Transmuter began the quest for the
                  | Orb.
     0 | D:1      | Reached XP level 1. HP: 15/15 MP: 3/3
   326 | D:1      | Reached XP level 2. HP: 14/21 MP: 3/5
   448 | D:1      | Found a faded altar of an unknown god.
   721 | D:1      | You fall into a shaft and drop 1 floor!
   876 | D:2      | Found a bloodstained altar of Trog.
   940 | D:2      | Reached XP level 3. HP: 21/26 MP: 4/6
  1268 | D:2      | Learned a level 2 spell: Wereblood
  1272 | D:2      | Learned a level 3 spell: Spider Form
  1973 | D:3      | Noticed Ijyb
  1979 | D:3      | Paralysed by Ijyb for 3 turns
  1990 | D:3      | Killed Ijyb
  1991 | D:3      | Reached XP level 4. HP: 31/32 MP: 3/7
  2509 | D:4      | Noticed a scorpion
  2538 | D:4      | Killed a scorpion
  2539 | D:4      | Reached skill level 1 in Poison Magic
  2539 | D:4      | Reached XP level 5. HP: 37/37 MP: 4/9
  2658 | D:4      | Reached skill level 1 in Stealth
  2845 | D:4      | Noticed a sky beast
  2854 | D:4      | Killed a sky beast
  2855 | D:4      | Reached skill level 5 in Unarmed Combat
  2855 | D:4      | Reached XP level 6. HP: 33/43 MP: 3/10
  2961 | D:4      | Found a staircase to the Ecumenical Temple.
  2976 | Temple   | Entered the Ecumenical Temple
  3054 | D:4      | Noticed Eustachio
  3074 | D:4      | Killed Eustachio
  3075 | D:4      | Reached XP level 7. HP: 36/48 MP: 6/11
  3233 | D:4      | Reached skill level 5 in Transmutations
  3814 | D:5      | Entered Level 5 of the Dungeon
  3829 | D:5      | Found an ancient bone altar of Kikubaaqudgha.
  4141 | D:5      | Splashed by a jelly's acid

Illustrated notes

Levels and vault maps discovered:
D:1:      scummos_arrival_star, layout_loops_ring,
          shapermc_ecumenical_altar_mp_urbaneastern, minmay_gold_behind_fungi
D:2:      layout_rooms, basic_altar
D:3:      layout_loops_ring, chequers_serial_rivers_small_3, glass_columns_b,
          minmay_misc_feat_doors, uniq_ijyb
D:4:      layout_basic, minmay_temple_entry_sparse_star, uniq_eustachio
D:5:      layout_cave_pools, nicolae_overflow_crystal_walls,
          mainiacjoe_overflow_concentric_impassable, chequers_jeans
Temple:   corrupted_temple

Skill      XL: |  1  2  3  4  5  6  7 |
---------------+----------------------+-----
Transmutations | 3 4 5 |  5.7
Unarmed Combat | 4 5 |  5.9
Dodging        | 3 4 |  4.3
Poison Magic   | 1 2 3 |  3.2
Stealth        | 1 2 |  2.0
Spellcasting   | 3 |  3.5
Fighting       | |  1.8

Action                   |  1- 3 |  4- 6 |  7- 9 || total
-------------------------+-------+-------+-------++-------
Melee: Unarmed           |   109 |    61 |    79 ||   249
       Headbutt          |     8 |     9 |     5 ||    22
       Punch             |     1 |       |     3 ||     4
 Cast: Beastly Appendage |    17 |     7 |     9 ||    33
       Spider Form       |     1 |     4 |     5 ||    10
       Wereblood         |       |       |     3 ||     3
  Use: Scroll            |       |     6 |     4 ||    10
       Potion            |       |     1 |     4 ||     5
 Stab: Sleeping          |     2 |     2 |     1 ||     5
Armor: Robe              |    17 |     3 |     5 ||    25
       Skin              |       |     4 |     2 ||     6
Dodge: Dodged            |    89 |    40 |    68 ||   197
